 Dungeon Crawl Stone Soup version 0.26.0-16-gc1dbca0489 (webtiles) character file.

Game seed: 168180514901061204

16022 vvl the Protected (level 12, 0/77 HPs)
             Began as a Gargoyle Fighter on Jan 20, 2021.
             Was a Priest of Qazlal.
             Slain by a white ugly thing (28 damage)
             ... on level 11 of the Dungeon.
             The game lasted 00:54:40 (15407 turns).

vvl the Protected (Gargoyle Fighter)               Turns: 15407, Time: 00:54:40

Health: 0/77       AC: 29    Str: 23    XL:     12   Next: 33%
Magic:  6/16       EV:  7    Int: 14    God:    Qazlal [***...]
Gold:   449        SH: 16    Dex: 12    Spells: 11/11 levels left

rFire    . . .     SeeInvis +   h - +1 dagger (venom)
rCold    . . .     Faith    .   c - +0 kite shield
rNeg     + + +     Spirit   .   v - +0 chain mail of Odyqox {Rampage Will+ SInv Stlth-}
rPois    ∞         Reflect  .   (no helmet)
rElec    +         Harm     .   y - +0 cloak
rCorr    .         Rampage  +   P - +4 pair of gloves of Weak Tender Moments {Int+3}
Will     +....                  R - +1 pair of boots
Stlth    ..........             m - amulet of the acrobat
HPRegen  0.22/turn              a - ring of positive energy
MPRegen  0.15/turn              Q - ring of Peontuph {rN+ Dex+3 SInv Stlth-}

@: marked
A: negative energy resistance 1, electricity resistance, unbreathing,
petrification resistance, miasma immunity, AC +8
a: Renounce Religion, Upheaval, Elemental Force


You were on level 11 of the Dungeon.
You worshipped Qazlal.
Qazlal was most pleased with you.
You visited 2 branches of the dungeon, and saw 13 of its levels.

You collected 857 gold pieces.
You spent 408 gold pieces at shops.

Inventory:

Hand Weapons
 h - a +1 dagger of venom (weapon)
 r - a +2 trident of freezing
 u - a +2 vampiric dagger
 w - a +0 dagger of holy wrath
 C - a cursed +5 morningstar
 I - a +0 trident of venom
Missiles
 j - 127 bolts
Armour
 c - a +0 kite shield (worn)
 v - the +0 chain mail of Odyqox (worn) {Rampage Will+ SInv Stlth-}
   (You found it on level 4 of the Dungeon)

   It affects your willpower, your defense against some magical effects.
   It lets you see invisible.
   It bestows one free step when moving towards enemies.
   It makes you less stealthy.
 y - a +0 cloak (worn)
 L - the +3 hat of Pondering {ponderous, Will+ MP+10 Int+5}
   (You took it off Gastronok on level 9 of the Dungeon)

   It affects your intelligence (+5).
   It affects your willpower, your defense against some magical effects.
   It affects your magic capacity (+10).
 P - the +4 pair of gloves of Weak Tender Moments (worn) {Int+3}
   (You found it on level 11 of the Dungeon)

   It affects your intelligence (+3).
 R - a +1 pair of boots (worn)
Magical Staves
 M - an uncursed staff of fire
Jewellery
 a - a ring of positive energy (left hand)
 f - an uncursed ring of fire
 m - an amulet of the acrobat (around neck)
 E - an uncursed amulet of regeneration
 Q - the ring of Peontuph (right hand) {rN+ Dex+3 SInv Stlth-}
   (You bought it in a shop on level 11 of the Dungeon)

   [ring of attention]

   It affects your dexterity (+3).
   It protects you from negative energy.
   It lets you see invisible.
   It makes you less stealthy.
Wands
 z - a wand of iceblast (9)
 F - a wand of enslavement (9)
 O - a wand of digging (5)
Scrolls
 e - 2 scrolls of magic mapping
 g - 5 scrolls of immolation
 i - 3 scrolls of amnesia
 k - 4 scrolls of remove curse
 q - 2 scrolls of blinking
 t - 5 scrolls of teleportation
 B - 4 scrolls of identify
 D - a scroll of summoning
 H - 2 scrolls of enchant weapon
Potions
 b - 2 potions of resistance
 d - 4 potions of might
 l - 6 potions of curing
 n - 3 potions of attraction
 o - 5 potions of flight
 p - 3 potions of brilliance
 s - 4 potions of mutation
 x - a potion of magic
 A - 3 potions of heal wounds
 G - 2 potions of lignification
 J - 2 potions of haste
 K - a potion of degeneration


   Skills:
 + Level 9.7 Fighting
 + Level 8.9 Maces & Flails
 + Level 9.9 Armour
 + Level 9.8 Shields
 + Level 6.6 Invocations
 + Level 7.8 Evocations


You had 11 spell levels left.
You didn't know any spells.
Your spell library contained the following spells:

 Spells                   Type           Power        Failure   Level
 Animate Skeleton         Necr           0%           97%         1
 Pain                     Necr           0%           97%         1
 Sandblast                Erth           0%           97%         1
 Passwall                 Tmut/Erth      0%           99%         2
 Stone Arrow              Conj/Erth      0%           100%        3
 Vampiric Draining        Necr           0%           100%        3
 Animate Dead             Necr           0%           100%        4
 Cause Fear               Hex            0%           100%        4
 Petrify                  Tmut/Erth      0%           100%        4
 Agony                    Necr           0%           100%        5
 Lee's Rapid Deconstruct  Erth           0%           100%        5
 Silence                  Hex/Air        0%           100%        5
 Yara's Violent Unravell  Hex/Tmut       0%           100%        5
 Discord                  Hex            0%           100%        8


Dungeon Overview and Level Annotations

Branches:
Dungeon (12/15)            Temple (1/1) D:7            Lair (0/6) D:11
    Orc (0/2) D:11

Altars:
Ashenzari
Cheibriados
Dithmenos
Elyvilon
Fedhas
Gozag
Hepliaklqana
Kikubaaqudgha
Makhleb
Nemelex Xobeh
Okawaru
Qazlal
Ru
Sif Muna
Trog
Uskayaw
Vehumet
Wu Jian
Xom
Yredelemnul
Zin
The Shining One

Shops:
D:9 (   D:11 =


Innate Abilities, Weirdness & Mutations

You are resistant to torment.
Your stone body is resilient. (AC +8)
You are immune to poison.
You resist negative energy. (rN+)
You are resistant to electric shocks. (rElec)
You can survive without breathing.
You are immune to petrification.
You are immune to miasma.


Message History

You block the white ugly thing's attack.
You closely miss the white ugly thing.
The white ugly thing is severely wounded.
You block the white ugly thing's attack.
You completely miss the white ugly thing.
The white ugly thing is severely wounded.
The white ugly thing kicks you but does no damage.
You block the troll's attack. The troll completely misses you.
You block the troll's attack.
The white ugly thing looks more healthy.
The white ugly thing kicks you. The white ugly thing freezes you!
You closely miss the white ugly thing.
The white ugly thing is severely wounded.
You block the white ugly thing's attack.
You block the troll's attack. x2; The troll closely misses you.
You hit the white ugly thing but do no damage.
The white ugly thing is poisoned.
The white ugly thing is severely wounded.
The white ugly thing kicks you. The white ugly thing freezes you!!
You die...

#..........###...#
##...........#..#.#
##.................#
...............#.∩.#
...................#
................[#.#
...................##
...............Tu§..##
........)..###..@☼..(##
..........## ##.......##
..#####...# #........## ..#
#...## ##.........## ..#
#....###...........##
#############.............##
#..#####..#.........(..(.#
###.......###..........(...#
#..###.#.##................#


You could see a white ugly thing (very poisoned) and a troll.

Vanquished Creatures
  Gastronok (D:9)
  A boulder beetle (D:11)
  2 two-headed ogres
  A manticore (D:9)
  A cyclops (D:11)
  A deep elf mage (D:12)
  A kobold demonologist (D:12)
  A tengu conjurer (D:12)
  4 trolls
  A hornet (D:10)
  A meliai zombie (D:10)
  3 shadows
  A vampire (D:10)
  Sigmund (D:5)
  A wraith (D:11)
  16 yaks
  Grum (D:8)
  Edmund (D:5)
  A soldier ant (D:11)
  A hornet zombie (D:11)
  4 ice beasts
  3 sky beasts
  3 phantoms
  An eye of draining (D:12)
  2 black bears
  2 necrophages
  3 orc warriors (D:10)
  6 ogres
  3 wolves (D:8)
  3 centaurs
  2 big kobolds
  8 bullfrogs
  2 troll zombies (D:11)
  4 scorpions
  10 killer bees
  9 wights
  7 howler monkeys (D:9)
  A quasit (D:8)
  2 centaur zombies
  3 hounds
  6 orc priests
  Crazy Yiuf (D:5)
  4 jellies
  2 centaur skeletons
  3 iguanas
  Jessica (D:2)
  2 bullfrog skeletons
  3 orc wizards
  3 worker ants
  2 killer bee zombies
  4 ogre zombies (D:11)
  A hound zombie (D:10)
  A hound skeleton (D:9)
  A worker ant zombie (D:8)
  13 adders
  2 shadow imps
  7 white imps
  2 ufetubi
  An adder zombie (D:7)
  An adder skeleton (D:5)
  3 worms (D:2)
  2 dart slugs
  3 leopard geckos
  21 orcs
  2 ball pythons
  7 bats
  4 giant cockroaches
  10 goblins
  11 hobgoblins
  2 jackals (D:7)
  17 kobolds
  5 quokkas
  4 frilled lizards
  A goblin zombie (D:11)
  2 hobgoblin skeletons (D:11)
  A hobgoblin zombie (D:11)
  A jackal skeleton (D:4)
  An orc skeleton (D:11)
  14 orc zombies (D:11)
  2 quokka skeletons
  6 rats
298 creatures vanquished.

Vanquished Creatures (collateral kills)
  A bullfrog zombie (D:7)
1 creature vanquished.

Vanquished Creatures (others)
  2 plants
2 creatures vanquished.

Grand Total: 301 creatures vanquished

Notes
Turn   | Place    | Note
-------+----------+-------------------------------------------
     0 | D:1      | vvl the Gargoyle Fighter began the quest for the Orb.
     0 | D:1      | Reached XP level 1. HP: 14/14 MP: 1/1
    96 | D:1      | Reached XP level 2. HP: 10/19 MP: 2/2
   716 | D:1      | Reached XP level 3. HP: 21/23 MP: 3/3
   955 | D:2      | Found a broken altar of Ashenzari.
   999 | D:2      | Reached skill level 1 in Evocations
  1369 | D:2      | Reached XP level 4. HP: 29/29 MP: 4/4
  1592 | D:2      | Found a glowing silver altar of Zin.
  1715 | D:2      | Noticed Jessica
  1726 | D:2      | Killed Jessica
  1999 | D:3      | Found a faded altar of an unknown god.
  1999 | D:3      | Noticed a phantom
  2048 | D:3      | Killed a phantom
  2049 | D:3      | Reached XP level 5. HP: 13/33 MP: 5/5
  2368 | D:3      | Reached XP level 6. HP: 38/38 MP: 6/6
  2900 | D:4      | Noticed a phantom
  2948 | D:4      | Got a transparent chain mail
  2988 | D:4      | Killed a phantom
  2999 | D:4      | Identified the +0 chain mail of Odyqox {Rampage Will+ SInv
                  | Stlth-} (You found it on level 4 of the Dungeon)
  3030 | D:4      | Reached XP level 7. HP: 32/44 MP: 7/7
  3265 | D:4      | Found a burning altar of Makhleb.
  3499 | D:5      | Entered Level 5 of the Dungeon
  3747 | D:5      | Noticed Sigmund
  3759 | D:5      | Killed Sigmund
  3760 | D:5      | Reached skill level 5 in Fighting
  3760 | D:5      | Reached skill level 5 in Armour
  3760 | D:5      | Reached skill level 5 in Shields
  3870 | D:5      | Found an ancient bone altar of Kikubaaqudgha.
  4017 | D:5      | Noticed Edmund
  4032 | D:5      | Killed Edmund
  4033 | D:5      | Reached XP level 8. HP: 47/50 MP: 8/8
  4063 | D:5      | Found a runed translucent door.
  4064 | D:5      | Noticed Crazy Yiuf
  4069 | D:5      | Paralysed by Crazy Yiuf for 4 turns
  4075 | D:5      | Killed Crazy Yiuf
  4890 | D:6      | Reached skill level 5 in Maces & Flails
  5263 | D:6      | Reached XP level 9. HP: 54/55 MP: 9/9
  5506 | D:7      | Found a sparkling altar of Nemelex Xobeh.
  6245 | D:7      | Found a staircase to the Ecumenical Temple.
  6275 | Temple   | Entered the Ecumenical Temple
  6465 | D:7      | Found a shadowy altar of Dithmenos.
  7027 | D:7      | Found a stormy altar of Qazlal.
  7035 | D:7      | Became a worshipper of Qazlal Stormbringer
  7081 | D:8      | Found a glowing golden altar of the Shining One.
  7110 | D:8      | Reached skill level 5 in Evocations
  7493 | D:8      | Found a hazy altar of Hepliaklqana.
  7680 | D:8      | Reached skill level 1 in Invocations
  7734 | D:8      | Found a bloodstained altar of Trog.
  8104 | D:8      | Noticed Grum
  8138 | D:8      | Killed Grum
  8139 | D:8      | Reached XP level 10. HP: 29/63 MP: 11/11
  8551 | D:9      | Reached * piety under Qazlal
  9101 | D:9      | Found Gelenk's Hydra Hut.
  9105 | D:9      | Noticed a four-headed hydra
  9717 | D:9      | Noticed Gastronok
  9749 | D:9      | Killed Gastronok
  9750 | D:9      | Reached XP level 11. HP: 37/69 MP: 12/14
 10293 | D:10     | Entered Level 10 of the Dungeon
 10301 | D:10     | Noticed a manticore
 10986 | D:9      | Killed a manticore
 11415 | D:10     | Noticed a two-headed ogre
 11450 | D:9      | Killed a two-headed ogre
 11451 | D:9      | Reached skill level 5 in Invocations
 11630 | D:10     | Reached ** piety under Qazlal
 12317 | D:10     | Got an encrusted chain mail
 12328 | D:10     | Identified the cursed +1 chain mail of the Dozen Villages
                  | {Stlth+} (You found it on level 10 of the Dungeon)
 13512 | D:11     | Got a pair of scorched gloves
 13516 | D:11     | Noticed a cyclops
 13521 | D:11     | Noticed a boulder beetle
 13535 | D:11     | Killed a boulder beetle
 13541 | D:11     | Killed a cyclops
 13956 | D:11     | Reached XP level 12. HP: 59/76 MP: 16/16
 13964 | D:11     | Reached *** piety under Qazlal
 14021 | D:11     | Noticed a two-headed ogre
 14158 | D:11     | Killed a two-headed ogre
 14416 | D:11     | Found Syhexywk's Jewellery Shoppe.
 14424 | D:11     | Bought the ring of Peontuph {rN+ Dex+3 SInv Stlth-} for 408
                  | gold pieces
 14429 | D:11     | Identified the +4 pair of gloves of Weak Tender Moments
                  | {Int+3} (You found it on level 11 of the Dungeon)
 14490 | D:11     | Found a staircase to the Orcish Mines.
 15224 | D:11     | Found an opulent altar of Gozag.
 15237 | D:11     | Found a staircase to the Lair.
 15364 | D:12     | Noticed a boulder beetle
 15366 | D:12     | Identified the ring of Wu Jian's Grace {rPois rF+}
 15378 | D:11     | HP: 1/77 [white ugly thing (27)]
 15407 | D:11     | Slain by a white ugly thing

Illustrated notes

Levels and vault maps discovered:
D:1:      kennysheep_arrival_seaside, layout_basic
D:2:      layout_loops_cross, zin_statuary, evilmike_ruin_ashenzari,
          uniq_jessica
D:3:      layout_loops_cross, chequers_ecumenical_altar_simple
D:4:      layout_basic, kennysheep_mini, grunt_ministairs_12
D:5:      layout_rooms, kennysheep_mini_moat, uniq_sigmund,
          uniq_crazy_yiuf_cottage, uniq_edmund
D:6:      layout_loops_corners
D:7:      layout_loops_ring, nemelex_xobeh_ov_fountains_minmay,
          nicolae_qazlal_eye_of_the_storm, minmay_temple_entry_proselytizer,
          grunt_dithmenos_smoke
D:8:      layout_basic, old_standard_altar, kennysheep_little_box, basic_altar,
          uniq_grum
D:9:      layout_gridville, doesnt_shop_hydraphobe, uniq_gastronok
D:10:     layout_gridville
D:11:     layout_big_octagon, lair_entry_dummy, zombieorc1_lemuel, basic_altar,
          serial_shops, nicolae_shop_stone
D:12:     minmay_the_grid_4x2 [minmay_the_grid_tri_star,
          minmay_the_grid_square_x, minmay_the_grid_medium_cups,
          minmay_the_grid_x, minmay_the_grid_pillar_ring,
          minmay_the_grid_garden, minmay_the_grid_small_cups,
          minmay_the_grid_prize_diamond_cup], layout_layer_cave
Temple:   zaba_magenta_temple

Skill      XL: |  1  2  3  4  5  6  7  8  9 10 11 |
---------------+----------------------------------+-----
Evocations     | 1 2 3 4 5 6 7 |  7.8
Armour         | 4 5 6 7 8 9 |  9.9
Fighting       | 4 5 6 7 8 9 |  9.7
Maces & Flails | 3 4 5 6 7 8 |  8.9
Shields        | 4 5 6 7 8 9 |  9.8
Invocations    | 1 4 6 |  6.6

Action                   |  1- 3 |  4- 6 |  7- 9 | 10-12 || total
-------------------------+-------+-------+-------+-------++-------
Melee: Flail             |    32 |       |       |       ||    32
       Dagger            |    96 |   103 |   421 |   963 ||  1583
       Short sword       |       |   112 |       |       ||   112
       Trident           |       |    32 |   145 |       ||   177
Evoke: Wand              |       |       |     5 |    14 ||    19
  Use: Scroll            |       |    10 |       |    14 ||    24
       Potion            |       |       |     2 |    10 ||    12
Armor: Scale mail        |    26 |       |       |       ||    26
       Plate armour      |    70 |   129 |       |       ||   199
       Chain mail        |       |     2 |   260 |   634 ||   896
Dodge: Dodged            |    32 |    22 |   135 |   310 ||   499
Block: Kite shield       |    61 |   116 |   255 |   936 ||  1368
